 Dungeon Crawl Stone Soup version 0.29-a0-838-g385bb11a5b (webtiles) character file.

Game seed: 4590594205269750324

58 gruber the Conjurer (level 4, 0/24 HPs)
             Began as a Tengu Conjurer on July 13, 2022.
             Slain by Grinder (7 damage)
             ... on level 3 of the Dungeon.
             The game lasted 00:01:19 (1930 turns).

gruber the Conjurer (Tengu Conjurer)                Turns: 1930, Time: 00:01:20

Health: 0/24       AC:  3    Str:  7    XL:     4   Next: 2%
Magic:  0/8        EV: 12    Int: 20    God:
Gold:   78         SH:  0    Dex: 13    Spells: 4/7 levels left

rFire   . . .      SeeInvis .   f - staff of death
rCold   . . .      Faith    .   (no shield)
rNeg    + . .      Spirit   .   a - +0 robe
rPois   .          Reflect  .   (helmet restricted)
rElec   .          Harm     .   i - +0 cloak
rCorr   .          Rampage  .   (no gloves)
Will    .....                   (boots unavailable)
Stlth   ++........              (no amulet)
HPRegen 0.08/turn               (no ring)
MPRegen 0.11/turn               (no ring)

@: no status effects
A: beak, talons 3
a: no special abilities


You were on level 3 of the Dungeon.
You visited 1 branch of the dungeon, and saw 3 of its levels.

You collected 78 gold pieces.

Inventory:

Armour
 a - a +0 robe (worn)
 i - a +0 cloak (worn)
Magical Staves
 f - a staff of death (weapon)
Scrolls
 c - a scroll of noise {unknown}
 d - 2 scrolls of summoning {unknown}
 e - 6 scrolls of identify {unknown}
 k - a scroll of magic mapping {unknown}
 l - a scroll of teleportation {unknown}
 n - a scroll of enchant armour {unknown}
Potions
 b - 2 potions of magic
 g - a potion of cancellation {unknown}
 h - 2 potions of haste {unknown}
 j - a potion of ambrosia {unknown}
 m - a potion of curing {unknown}


   Skills:
 - Level 2.1 Dodging
 - Level 2.0 Stealth
 + Level 2.4 Spellcasting
 + Level 6.9 Conjurations


You had 4 spell levels left.
You knew the following spells:

 Your Spells              Type           Power      Damage    Failure   Level
a - Magic Dart            Conj           100%       1d8       1%          1
b - Searing Ray           Conj           60%        2d6       1%          2

Your spell library contained the following spells:

 Spells                   Type           Power      Damage    Failure   Level
 Dazzling Flash           Conj/Hex       32%        N/A       11%         3
 Fulminant Prism          Conj/Hex       8%         3d7       34%         4
 Iskenderun's Mystic Bla  Conj/Tloc      16%        2d5       34%         4


Dungeon Overview and Level Annotations

Branches:
Dungeon (3/15)

Altars:

Annotations:
D:3 Grinder, Natasha


Innate Abilities, Weirdness & Mutations

You have a beak for a mouth.
You have claws for feet.


Message History

(Press . to maintain the ray.) Unknown command.
The searing ray misses Grinder.
The searing ray hits Grinder.
Grinder is moderately wounded.
Grinder blinks!
You finish channelling your searing ray.
Unknown command.
Unknown command.
Casting: Searing Ray (safe; 1% risk of failure)
Confirm with . or Enter, or press ? or * to list all spells.
Aiming: Searing Ray (safe; 1% risk of failure)
Press: ? - help, Shift-Dir - straight line, f/p - Grinder
Aim: Grinder (moderately wounded, 77% to hit)
The searing ray hits Grinder.
Grinder is moderately wounded. (Press . to maintain the ray.) Unknown command.
The searing ray hits Grinder!
Grinder is heavily wounded.
Grinder hits you!
You writhe in agony.
There is a stone staircase leading up, spattered with blood here.
You hit Grinder. You claw Grinder. You peck Grinder.
Grinder is severely wounded.
Grinder gestures at you. You resist with significant effort.
You hit Grinder. Your kick misses Grinder. Your peck misses Grinder.
Grinder is severely wounded.
Grinder hits you!
You writhe in agony.
* * * LOW HITPOINT WARNING * * *
You are too injured to fight recklessly!
Casting: Searing Ray (safe; 1% risk of failure)
Confirm with . or Enter, or press ? or * to list all spells.
Aiming: Magic Dart (safe; 1% risk of failure)
Press: ? - help, Shift-Dir - straight line, f/p - Grinder
Aim: Grinder (severely wounded, 100% to hit)
The magic dart hits Grinder.
Grinder is almost dead.
Grinder hits you!
You die...

#####.#.####.
#.....#.#
#.....#.####.#
#..÷....<....#
#.......#####
#.......#
###'###.#
#5###†#
#.###.@##.#
#......##.#
######.##.#
#.##.# #....#
######


You could see Grinder.

Vanquished Creatures
  2 adders (D:2)
  A worm (D:2)
  An endoplasm (D:1)
  4 giant cockroaches
  2 hobgoblins
  4 jackals (D:3)
  5 kobolds
  A quokka (D:1)
  2 ball pythons
  3 bats
  2 frilled lizards (D:2)
  3 goblins
  6 rats
36 creatures vanquished.

Notes
Turn   | Place    | Note
-------+----------+-------------------------------------------
     0 | D:1      | gruber the Tengu Conjurer began the quest for the Orb.
     0 | D:1      | Reached XP level 1. HP: 10/10 MP: 4/4
   405 | D:1      | Reached XP level 2. HP: 15/15 MP: 3/6
   555 | D:1      | Reached skill level 6 in Conjurations
   631 | D:1      | Found a faded altar of an unknown god.
  1030 | D:2      | Reached XP level 3. HP: 19/19 MP: 5/7
  1614 | D:3      | Reached XP level 4. HP: 9/24 MP: 2/8
  1802 | D:3      | Noticed Grinder
  1803 | D:3      | Noticed Natasha
  1820 | D:2      | Learned a level 2 spell: Searing Ray
  1930 | D:3      | Slain by Grinder

Illustrated notes

Levels and vault maps discovered:
D:1:      amcnicky_arrival_choice, layout_loops_ring,
          shapermc_ecumenical_altar_mp_urbaneastern, roderic_roman_lattice
D:2:      layout_basic
D:3:      layout_basic, bloody_makhleb, kennysheep_decorative_pillar,
          uniq_sigmund, uniq_grinder, uniq_natasha

Skill      XL: |  1  2 |
---------------+-------+-----
Conjurations   | 6 |  6.9
Dodging        | |  2.1
Stealth        | |  2.0
Spellcasting   | |  2.4

Action                   |  1- 3 |  4- 6 || total
-------------------------+-------+-------++-------
Melee: Staff             |     6 |     3 ||     9
       Kick              |     2 |     1 ||     3
       Peck              |     1 |     2 ||     3
 Cast: Magic Dart        |    58 |     3 ||    61
       Searing Ray       |       |     2 ||     2
Armor: Robe              |     2 |       ||     2
Dodge: Dodged            |     6 |     5 ||    11

Table legend: (Time is in decaauts)
 A = Elapsed time spent in this place.
 B = Non-inter-level travel time spent in this place.
 C = Inter-level travel time spent in this place.
 D = Time resting spent in this place.
 E = Time spent auto-exploring this place.
 F = Levels seen in this place.
 G = Mean time per level.
                   A        B        C        D        E       F      G
               +--------+--------+--------+--------+--------+-----+--------+
         Total |   1931 |   1860 |     71 |     98 |   1570 |   3 |  643.7 |
       Dungeon |   1931 |   1860 |     71 |     98 |   1570 |   3 |  643.7 |
               +--------+--------+--------+--------+--------+-----+--------+

Top non-repeatable levels by time:
     D:1: 892 daAuts
     D:2: 798 daAuts
     D:3: 241 daAuts
